 Dungeon Crawl Stone Soup version 0.29-a0-819-g94b489e0ae (webtiles) character file.

Game seed: 3003187273780289346

245 Colgate the Covert (level 6, 0/31 HPs)
             Began as a Kobold Brigand on July 6, 2022.
             Was a Believer of Hepliaklqana.
             Slain by an orc priest
             ... wielding a +3 trident
              (1 damage)
             ... on level 5 of the Dungeon.
             The game lasted 00:10:31 (4140 turns).

Colgate the Covert (Kobold Brigand)                 Turns: 4140, Time: 00:10:32

Health: 0/31       AC:  7    Str:  9    XL:     6   Next: 32%
Magic:  6/6        EV: 14    Int: 12    God:    Hepliaklqana [**....]
Gold:   199        SH:  0    Dex: 18    Spells: 5/5 levels left

rFire   . . .      SeeInvis .   b - +1 dagger (venom)
rCold   . . .      Faith    .   (no shield)
rNeg    . . .      Spirit   .   j - +0 robe
rPois   .          Reflect  .   (no helmet)
rElec   .          Harm     .   c - +0 cloak
rCorr   .          Rampage  .   (no gloves)
Will    .....                   (no boots)
Stlth   +++++.....              (no amulet)
HPRegen 0.10/turn               p - +4 ring of protection
MPRegen 0.10/turn               (no ring)

@: no status effects
A: reduced essence, small, no large weapons, nightstalker 3
a: Renounce Religion, Recall Ancestor, Ancestor Identity


You were on level 5 of the Dungeon.
You worshipped Hepliaklqana.
Hepliaklqana was pleased with you.
You visited 1 branch of the dungeon, and saw 5 of its levels.

You collected 199 gold pieces.

Inventory:

Hand Weapons
 a - a +2 dagger
 b - a +1 dagger of venom (weapon)
Missiles
 d - 14 poisoned darts (quivered)
 e - 3 curare-tipped darts
Armour
 c - a +0 cloak (worn)
 j - a +0 robe (worn)
Jewellery
 k - a ring of ice
 p - a +4 ring of protection (left hand)
Wands
 v - a wand of paralysis (10)
 y - a wand of iceblast (2) {@v2}
Scrolls
 h - 2 scrolls of identify {unknown}
 l - 2 scrolls of fear {unknown}
 n - 2 scrolls of teleportation {unknown}
 q - a scroll of blinking {unknown}
 r - a scroll of magic mapping {unknown}
 s - a scroll of enchant armour {unknown}
 t - a scroll of enchant weapon {unknown}
 u - 4 scrolls of poison {unknown}
 w - a scroll of vulnerability {unknown}
 x - 2 scrolls of amnesia {unknown}
Potions
 f - 2 potions of mutation {unknown}
 g - 2 potions of lignification {unknown}
 i - 4 potions of heal wounds {unknown}
 m - a potion of haste {unknown}
 o - a potion of brilliance {unknown}


   Skills:
 - Level 2.1 Fighting
 - Level 4.0 Short Blades
 - Level 2.1 Throwing
 - Level 1.2 Dodging
 - Level 9.1 Stealth
 + Level 0.2 Transmutations
 - Level 1.2 Earth Magic


You had 5 spell levels left.
You didn't know any spells.
Your spell library contained the following spells:

 Spells                   Type           Power      Damage    Failure   Level
 Magic Dart               Conj           0%         1d3       32%         1
 Passwall                 Tmut/Erth      0%         N/A       36%         2
 Call Imp                 Summ           0%         N/A       45%         2
 Ensorcelled Hibernation  Hex/Ice        0%         N/A       45%         2
 Mephitic Cloud           Conj/Pois/Air  0%         N/A       69%         3
 Portal Projectile        Hex/Tloc       0%         N/A       69%         3
 Swiftness                Air            0%         N/A       69%         3
 Tukima's Dance           Hex            0%         N/A       69%         3
 Petrify                  Tmut/Erth      1%         N/A       94%         4
 Blade Hands              Tmut           0%         N/A       100%        5
 Metabolic Englaciation   Hex/Ice        0%         N/A       100%        5
 Statue Form              Tmut/Erth      0%         N/A       100%        6


Dungeon Overview and Level Annotations

Branches:
Dungeon (5/15)
 Temple: D:4-7

Altars:
Hepliaklqana

Shops:
D:4 *


Innate Abilities, Weirdness & Mutations

Your life essence is reduced to manifest your ancestor. (-10% HP)
You are small and have problems with some larger weapons.
You are completely attuned to the shadows.


Message History

Okay, then.
No target in view!
Done exploring.
(D) Dungeon
Where to? (Enter - D:4, ? - help)
You see here a +0 robe.
There is a stone staircase leading down here.
You climb downwards.
Found 2 scrolls labelled LYEMIUZXIE.
There is a stone staircase leading up here.
There are monsters nearby!
An orc priest comes into view. It is wielding a +3 trident.
An orc comes into view. It is wielding a +0 war axe.
The helpless orc fails to defend itself.
You spit the orc like a pig!!!
You kill the orc!
Gaius hits the orc with a +0 quarterstaff!!
The orc dies!
Found a glowing diamond ring.
The orc priest calls down the wrath of Beogh upon you.
Beogh smites you!
The orc shouts!
You are too injured to fight recklessly!
You are too injured to fight recklessly!
You are too injured to fight recklessly!
You closely miss the orc priest.
You hear a shout!
The orc priest hits you with a +3 trident!
You hit the orc priest.
The orc priest is poisoned.
Gaius misses the orc priest.
The orc priest hits you with a +3 trident.
* * * LOW HITPOINT WARNING * * *
You hit the orc priest.
The orc priest looks as sick as possible!
Gaius casts a spell at the orc priest.
The puff of frost misses the orc priest.
The orc hits you with a +0 war axe.
* * * LOW HITPOINT WARNING * * *
The orc priest hits you with a +3 trident.
You die...

#####
##...##
##.....##
.?..<...####
#......Ro...
.......@#.
##.....)o...
.....##.##=
#.#.## .# ..
.#


You could see the friendly Gaius the battlemage, an orc priest (extremely
poisoned, ally target) and an orc.

Vanquished Creatures
  A scorpion (D:4)
  2 iguanas (D:4)
  An adder (D:3)
  A worm (D:2)
  2 dart slugs
  2 orcs
  9 endoplasms
  5 giant cockroaches
  3 goblins
  9 hobgoblins
  2 jackals (D:4)
  3 kobolds
  A quokka (D:2)
  7 ball pythons
  2 bats (D:1)
  4 frilled lizards
  5 rats
59 creatures vanquished.

Vanquished Creatures (collateral kills)
  An orc wizard (D:4)
  An adder (D:2)
  3 orcs
  A bat (D:3)
  2 endoplasms (D:3)
  A giant cockroach (D:4)
  2 hobgoblins (D:3)
  A jackal (D:4)
  A ball python (D:2)
  A kobold (D:4)
  2 rats (D:3)
16 creatures vanquished.

Grand Total: 75 creatures vanquished

Notes
Turn   | Place    | Note
-------+----------+-------------------------------------------
     0 | D:1      | Colgate the Kobold Brigand began the quest for the Orb.
     0 | D:1      | Reached XP level 1. HP: 12/12 MP: 1/1
   409 | D:1      | Reached XP level 2. HP: 17/17 MP: 2/2
   655 | D:1      | Reached XP level 3. HP: 21/21 MP: 3/3
  1241 | D:1      | Reached skill level 6 in Stealth
  1397 | D:2      | Found a faded altar of an unknown god.
  1402 | D:2      | Prayed at the altar of an unknown god.
  1402 | D:2      | Became a worshipper of Hepliaklqana the Forgotten
  1402 | D:2      | Reached * piety under Hepliaklqana
  1849 | D:2      | Reached ** piety under Hepliaklqana
  1850 | D:2      | Remembered your ancestor Gaius as a battlemage
  1996 | D:2      | Reached XP level 4. HP: 20/23 MP: 4/4
  2512 | D:3      | Reached skill level 7 in Stealth
  3300 | D:3      | Paralysed by an orc for 2 turns
  3339 | D:4      | Reached XP level 5. HP: 27/27 MP: 5/5
  3349 | D:4      | Reached skill level 8 in Stealth
  3714 | D:4      | Found Qausiav's Neck Hole.
  3907 | D:4      | Reached XP level 6. HP: 31/31 MP: 6/6
  3931 | D:4      | Reached skill level 9 in Stealth
  4084 | D:4      | Reached skill level 1 in Earth Magic
  4133 | D:5      | Entered Level 5 of the Dungeon
  4140 | D:5      | HP: 1/31 [orc/+0 war axe (6)]
  4140 | D:5      | Slain by an orc priest

Illustrated notes

Levels and vault maps discovered:
D:1:      wander_arrival_peaceful_grave, layout_basic, hex_tiny
D:2:      layout_loops_cross, ebering_ecumenical_altar_box
D:3:      layout_basic
D:4:      layout_rooms, mrwooster_statue_mirror, solitary_fountain,
          nicolae_shop_sticking_my_neck_out
D:5:      layout_loops_ring, nicolae_overflow_hidden_temple, roderic_batcave,
          serial_park_tiny_2, uniq_prince_ribbit1, uniq_menkaure

Skill      XL: |  1  2  3  4  5  6 |
---------------+-------------------+-----
Short Blades   | 3 4 |  4.0
Stealth        | 6 7 8 9 |  9.1
Earth Magic    | 1 |  1.2
Fighting       | |  2.1
Throwing       | |  2.1
Dodging        | |  1.2
Transmutations | |  0.2

Action                   |  1- 3 |  4- 6 || total
-------------------------+-------+-------++-------
Melee: Dagger            |    78 |    50 ||   128
       Punch             |       |     2 ||     2
Invok: Ancestor Life: Ba |     1 |       ||     1
 Stab: Sleeping          |    21 |    12 ||    33
Armor: Robe              |    10 |     9 ||    19
Dodge: Dodged            |    45 |    18 ||    63

Table legend: (Time is in decaauts)
 A = Elapsed time spent in this place.
 B = Non-inter-level travel time spent in this place.
 C = Inter-level travel time spent in this place.
 D = Time resting spent in this place.
 E = Time spent auto-exploring this place.
 F = Levels seen in this place.
 G = Mean time per level.
                   A        B        C        D        E       F      G
               +--------+--------+--------+--------+--------+-----+--------+
         Total |   4114 |   3937 |    177 |    100 |   3297 |   5 |  822.8 |
       Dungeon |   4114 |   3937 |    177 |    100 |   3297 |   5 |  822.8 |
               +--------+--------+--------+--------+--------+-----+--------+

Top non-repeatable levels by time:
     D:1: 1382 daAuts
     D:3: 1100 daAuts
     D:4: 817 daAuts
     D:2: 807 daAuts
     D:5: 6 daAuts
